 Dungeon Crawl Stone Soup version 0.14-a0-1719-ga7e7698 (webtiles) character file.

304924 Medar the Metallomancer (level 23, -5/137 HPs)
             Began as a Formicid Earth Elementalist on Dec 29, 2013.
             Was the Champion of Ashenzari.
             Slain by a phantasmal warrior (23 damage)
             ... on Level 5 of the Crypt on Jan 1, 2014.
             The game lasted 05:40:09 (76778 turns).

Medar the Metallomancer (FoEE)                     Turns: 76778, Time: 05:40:09

HP  -5/137       AC 20     Str 17      XL: 23   Next: 42%
MP  13/42        EV 16     Int 25      God: Ashenzari [******]
Gold 1952        SH 26     Dex 11      Spells: 12 memorised,  4 levels left

rFire  + . .     SeeInvis +     a - staff of earth (curse)
rCold  . . .     Clarity  +     q - +1 steam dragon armour (curse)
rNeg   . . .     Conserve +     Q - +0 elf shield {rPois} (curse)
rPois  .         rCorr    +     (helmet unavailable)
rElec  .         rRot     .     J - +2 elf cloak {rCorr, Cons} (curse)
SustAb . .       Spirit   .     n - +2 pair of gloves (curse)
rMut   .         Warding  .     P - +3 pair of boots of the spider {+Jump, Stlth+}
Saprov . . .     Stasis   +     N - cursed amulet of faith
                                j - cursed +4 ring of intelligence
                                T - cursed ring of Xom's Displeasure {+/*Tele rF+ Dam+3 Stlth+}

@: drained, somewhat resistant to hostile enchantments, extraordinarily stealthy
A: permanent stasis, dig shafts and tunnels, four strong arms, poison weakness,
antennae 3, sense surroundings 1, slow metabolism 1, exoskeleton 1
a: Dig, Shaft Self, Scrying, Transfer Knowledge, Renounce Religion, Evoke Jump
Attack, Evoke Teleportation
}: 1/15 runes: serpentine


You were on level 5 of the Crypt.
You worshipped Ashenzari.
Ashenzari was exalted by your worship.
You were hungry.

You visited 7 branches of the dungeon, and saw 43 of its levels.
You also visited: Bailey and Volcano.

You collected 5320 gold pieces.
You spent 3368 gold pieces at shops.

Inventory:

Armour
 n - a cursed +2 pair of gloves (worn)
 q - a cursed +1 steam dragon armour (worn)
 J - a cursed +2 elven cloak of preservation (worn)
 P - the cursed +3 pair of boots of the spider (worn) {+Jump, Stlth+}
   (You bought it in a shop on level 2 of the Vaults)

   It makes you much more stealthy.
   It has a curse placed upon it.
 Q - a cursed +0 elven shield of poison resistance (worn)
Magical devices
 b - a wand of heal wounds (5)
 m - a wand of disintegration (8)
 C - a wand of draining (3)
 H - a wand of fireball (4)
Comestibles
 k - a royal jelly
 Y - 8 apples
 Z - 7 bread rations
Scrolls
 c - 3 scrolls of magic mapping
 h - 5 scrolls of fog
 s - 5 scrolls of noise
 t - 4 scrolls of immolation
 u - 2 scrolls of vulnerability
 x - 2 scrolls of remove curse
 K - a scroll of torment {!r}
 M - 3 scrolls of identify
 O - 4 scrolls of fear
 R - 2 scrolls of silence {!r}
Jewellery
 j - a cursed +4 ring of intelligence (right hand)
 N - a cursed amulet of faith (around neck)
 T - the cursed ring of Xom's Displeasure (left hand) {+/*Tele rF+ Dam+3 Stlth+}
   (You bought it in a shop on level 4 of the Orcish Mines)

   [ring of teleportation]

   It affects your damage-dealing abilities (+3).
   It protects you from fire.
   It makes you much more stealthy.
   It has a curse placed upon it.
Potions
 g - 3 potions of brilliance
 l - 2 potions of restore abilities
 p - 10 potions of curing
 v - 2 potions of agility
 A - 3 potions of invisibility
 B - 2 potions of magic
 G - 4 potions of flight
 S - 3 potions of might
Magical staves
 a - a cursed staff of earth (weapon)


   Skills:
 - Level 10.0(9.6) Fighting
   Level 1.0(0.7) Short Blades
 - Level 10.0(12.4) Staves
 - Level 9.5(9.1) Armour
 - Level 5.5(9.6) Dodging
 - Level 11.4(15.1) Stealth
 - Level 12.4(14.6) Shields
 - Level 15.6(15.1) Spellcasting
 - Level 11.8(15.5) Conjurations
 - Level 8.5(12.5) Charms
 - Level 2.1(5.1) Summonings
 - Level 4.0(7.8) Necromancy
 - Level 5.2(9.3) Transmutations
 - Level 3.7(7.4) Fire Magic
 - Level 0.4(1.7) Air Magic
 + Level 21.4(24.3) Earth Magic
 - Level 6.1(11.4) Evocations


You had 4 spell levels left.
You knew the following spells:

 Your Spells              Type           Power        Failure   Level  Hunger
a - Statue Form           Trmt/Erth      ########..   1%          6    ####...
b - Bolt of Magma         Conj/Fire/Erth #######...   1%          5    None
c - Stone Arrow           Conj/Erth      ######       0%          3    None
d - Passwall              Trmt/Erth      ########..   0%          3    None
e - Stoneskin             Trmt/Erth      ########..   0%          2    None
f - Summon Butterflies    Summ           #####...     1%          1    None
n - Shatter               Erth           ########..   17%         9    #######
q - Regeneration          Chrm/Necr      ######....   1%          3    None
r - Repel Missiles        Chrm/Air       ####......   1%          2    None
s - Petrify               Trmt/Erth      ########     1%          4    None
v - Lee's Rapid Deconstr  Erth           ########..   0%          5    None
x - Iron Shot             Conj/Erth      ########..   1%          6    ####...


Dungeon Overview and Level Annotations

Branches:
Dungeon (16/16)            Temple (1/1) D:7             Orc (4/4) D:10
    Elf (0/3) Orc:3          Lair (8/8) D:10         Shoals (0/5) Lair:5
  Snake (5/5) Lair:5        Slime (0/6) Lair:6       Vaults (4/5) D:14
  Blade (0/1) Vaults:3      Crypt (5/5) Vaults:2       Tomb (0/3) Crypt:2
 Depths (0/6) D:16

Altars:
Ashenzari
Cheibriados
Elyvilon
Fedhas
Kikubaaqudgha
Makhleb
Nemelex Xobeh
Okawaru
Sif Muna
Trog
Vehumet
Xom
Yredelemnul
Zin
the Shining One
Beogh

Shops:
Orc:4 [=?[   Snake:1 *   Snake:3 (*   Snake:4 *   Vaults:2 (*:[}

Annotations:
Crypt:5 exclusion: 2 doors


Innate Abilities, Weirdness & Mutations

Your are under a permanent stasis effect.
You can dig through walls and to a lower floor.
Your four strong arms can wield any weapon, most with a shield.
You are susceptible to poison.*
You have a pair of large antennae on your head (SInv).*
Your body is surrounded by an exoskeleton. (HP +5, AC +1)*
You passively map a small area around you.
You have a slow metabolism.


Message History

The phantasmal warrior's blade passes through your shield.
The phantasmal warrior hits you!
Evoke which item? (* to show all) (? for menu, Esc to quit)
Zapping:
b - a wand of heal wounds (6)
Press: ? - help, Shift-Dir - straight line, f - you You feel much better.
This wand has 5 charges left.
The eidolon hits you! The eidolon drains your vigor!
Your stasis keeps you stable.
You block the eidolon's attack.
The phantasmal warrior's blade passes through your shield.
The phantasmal warrior hits you! The eidolon hits you!
The eidolon drains your vigor!
Your stasis keeps you stable.
* * * LOW HITPOINT WARNING * * *
The eidolon misses you.
Casting: Iron Shot
Confirm with . or Enter, or press ? or * to list all spells.
The phantasmal warrior hits you!
* * * LOW HITPOINT WARNING * * *
The phantasmal warrior hits you!
You die...

**♣P♣..#..... *** , ,
***♣♣....#......,,, , ,, , ,
,, ** *♣♣.♣......##., ** , ,,
,, , ** ♣P........#.. ∆
****** * * ♣♣.♣..♣..#.# ,. ,,
, , ** *♣♣.......#.# * ..
**,,*, * *
*♣♣♣♣....b#b####.#, , ,,*
****♣♣♣♣.♣..b..WW....# , *
+** ** ♣♣♣.♣......#@.####.. *
* *
♣♣....♣.^...W.Pb....##*,*<,**
♣♣♣.....♣..bb........ ,* ∆∆*
** ♣♣♣♣.♣....♣....b....## +**
∆ * ** ♣♣♣...P♣....##..P...#
{,**, *
*♣♣♣..♣....#..#....##, {,* *
** ♣♣♣♣...P.♣#..#..♣..#,{{{ *
* * **♣♣♣..♣.♣.###.....##,{
+,, * ***
##♣♣..P♣.........########


You could see an eidolon and 2 phantasmal warriors.

Vanquished Creatures
  Boris (Vaults:4)
  Lamia (Snake:5)
  2 sphinxes
  Rupert (D:15)
  Kirke (Snake:5)
  3 ancient champions
  3 revenants
  A frost giant (Vaults:4)
  3 ghouls
  A fire giant (Vaults:4)
  2 deep elf sorcerers (Vaults:2)
  Louise (Snake:1)
  A curse skull (Crypt:4)
  6 vault wardens
  4 greater nagas
  3 vampire knights
  6 stone giants
  Azrael (Snake:3)
  12 eidola
  A deep elf annihilator (Vaults:2)
  A mummy priest (Crypt:2)
  2 fire dragons
  5 ironheart preservers
  3 great orbs of eyes
  2 salamanders (Snake:3)
  3 vault guards
  7 jiangshi
  7 deep elf death magi
  10 yaktaur captains
  8 ogre magi
  12 hydras
  An ettin (Vaults:3)
  Fannar (D:10)
  Harold (D:12)
  Josephine (Orc:2)
  2 quicksilver dragon skeletons
  2 ravenous feature mimics
  3 ice dragons
  Nessos (D:16)
  5 anacondas
  2 dancing weapons (Vaults:3)
  2 deep dwarf death knights
  4 vampire magi
  4 death yaks (Lair:7)
  15 centaur warriors
  21 naga warriors
  A soul eater (Crypt:2)
  Urug (D:10)
  3 spectral elves
  2 very ugly things
  Nergalle (D:10)
  A fire crab (Vaults:2)
  Erolcha (Orc:2)
  2 orc high priests
  A shadow wraith (Crypt:4)
  4 deep elf knights (Vaults:3)
  2 iron trolls
  29 skeletal warriors
  2 deep trolls
  4 unseen horrors
  2 giant amoebae
  2 lindwurms (Lair:8)
  2 flayed ghosts
  A giant orange brain (Vaults:2)
  5 harpies
  12 orc knights
  An oklob plant (D:12)
  Pikel (D:8)
  12 ironbrand convokers
  7 orc sorcerers
  3 wolf spiders
  20 hill giants
  A sphinx zombie (Crypt:3)
  An iron dragon zombie (Crypt:2)
  Joseph (Orc:3)
  A harpy (shapeshifter) (D:16)
  2 necromancers (Vaults:2)
  A stone giant zombie (Vaults:2)
  A very ugly thing skeleton (Crypt:2)
  A red wasp (Vaults:2)
  A shadow dragon skeleton (Crypt:2)
  3 deep elf conjurers
  A sixfirhy (Vaults:2)
  A red wasp (shapeshifter) (D:14)
  A griffon (Vaults:4)
  7 cyclopes
  14 phantasmal warriors
  18 elephants
  6 guardian serpents
  A fire giant skeleton (Vaults:2)
  8 spiny worms
  Maurice (Orc:3)
  6 vault sentinels
  3 stone giant skeletons
  2 queen ants
  An octopode (D:13)
  Psyche (Orc:4)
  38 black mambas
  A black draconian zombie (Crypt:1)
  2 feature mimics
  20 yaktaurs
  An iron troll zombie (Crypt:3)
  A tengu conjurer (D:16)
  12 spiny frogs
  36 naga magi
  An item mimic (D:9)
  9 guardian mummies (Crypt:2)
  An orb spider (Lair:5)
  A sea snake skeleton (Crypt:3)
  8 trolls
  A wandering mushroom (Lair:3)
  A mottled draconian skeleton (Crypt:3)
  A troll (shapeshifter) (Vaults:3)
  An ancient bear skeleton (Crypt:2)
  4 giant fireflies (Lair:8)
  8 komodo dragons
  Sonja (Orc:3)
  A queen bee (shapeshifter) (D:14)
  A queen bee (Lair:3)
  61 slime creatures
  16 two-headed ogres
  A giant leech (Lair:8)
  5 polar bears (Lair:8)
  Prince Ribbit (D:6)
  A polar bear (shapeshifter) (Vaults:4)
  A fire dragon zombie (D:15)
  2 boulder beetles (Vaults:4)
  An alligator zombie (Crypt:2)
  2 hydra skeletons (D:16)
  A dryad (shapeshifter) (Crypt:4)
  A catoblepas skeleton (Crypt:2)
  2 griffon zombies
  13 wraiths
  8 blink frogs
  A dryad skeleton (Crypt:2)
  10 grizzly bears (Lair:8)
  6 deep elf magi
  11 vampires
  8 flying skulls
  5 wyverns
  An alligator skeleton (Crypt:2)
  6 shadows
  A basilisk (Lair:4)
  A tarantella (shapeshifter) (Vaults:3)
  An ugly thing skeleton (Crypt:4)
  3 toenail golems (Volcano)
  3 elephant slugs (Lair:8)
  A spiny worm zombie (Crypt:4)
  6 hungry ghosts
  Eustachio (D:5)
  12 deep elf fighters
  8 sharks
  67 yaks
  5 fire elementals (Snake:3)
  6 hippogriffs
  A giant leech zombie (Crypt:2)
  45 ugly things
  A hog (shapeshifter) (Vaults:4)
  An iron troll simulacrum (Vaults:1)
  7 hogs (Snake:5)
  3 mottled dragons
  17 vampire mosquitoes
  27 wolves
  2 merfolk (shapeshifter)
  5 steam dragons
  Menkaure (D:4)
  11 porcupines
  3 manticores
  13 soldier ants
  3 necrophages
  A deep troll skeleton (Vaults:2)
  4 raven skeletons
  46 orc warriors
  5 hell hounds
  A spiny frog skeleton (Crypt:3)
  8 freezing wraiths
  7 sky beasts
  A baby alligator skeleton (Crypt:1)
  7 humans
  6 ice beasts
  2 yellow wasps
  A boring beetle (Lair:8)
  2 giant goldfish
  A blink frog zombie (D:14)
  86 nagas
  7 black bears
  25 ogres
  14 crocodiles
  A merfolk skeleton (Crypt:3)
  18 wargs
  2 phantoms
  3 slaves (D:8)
  23 centaurs
  9 lost souls
  A fire crab zombie (Crypt:1)
  15 giant slugs
  5 brain worms (Lair:8)
  22 water moccasins
  A yaktaur zombie (D:14)
  12 big kobolds
  12 agate snails
  A yaktaur skeleton (D:16)
  A deep troll simulacrum (Vaults:3)
  2 cyclops zombies
  13 giant frogs
  2 insubstantial wisps (D:10)
  A jellyfish (Lair:2)
  32 killer bees
  A cyclops skeleton (D:16)
  An eye of draining (D:13)
  A polar bear zombie (Crypt:4)
  A troll skeleton (D:9)
  4 electric eels
  A yak skeleton (Crypt:4)
  12 wights
  A wolf zombie (Crypt:4)
  A quasit (D:11)
  10 crimson imps
  2 jellies
  A centaur skeleton (D:7)
  10 human zombies (D:16)
  21 hounds
  36 orc wizards
  2 scorpions (D:8)
  A two-headed ogre zombie (D:9)
  25 orc priests
  12 iguanas
  2 big fish
  A warg skeleton (Orc:2)
  A water moccasin skeleton (Crypt:2)
  A black bear zombie (Crypt:1)
  41 worker ants
  6 sheep
  A sky beast zombie (D:12)
  A tengu skeleton (Crypt:3)
  A big kobold skeleton (Crypt:1)
  2 mottled dragon skeletons
  14 boggarts
  An ogre skeleton (Crypt:3)
  3 gnolls
  38 adders
  An orange rat skeleton (Crypt:2)
  38 green rats
  An inept feature mimic (D:6)
  A mottled dragon simulacrum (D:14)
  3 giant centipedes
  6 giant mites
  21 worms
  An iguana skeleton (Crypt:1)
  A scorpion zombie (Crypt:2)
  A sheep zombie (Crypt:4)
  A giant eyeball (D:8)
  11 giant geckos
  2 oozes
  170 orcs
  6 giant cockroaches
  A gnoll skeleton (Crypt:3)
  24 hobgoblins
  36 kobolds
  9 quokkas
  3 ball pythons
  29 bats
  8 giant newts
  2 giant spores
  25 goblins
  3 hobgoblin skeletons
  A hobgoblin zombie (D:5)
  16 jackals
  A kobold skeleton (D:4)
  3 orc skeletons
  An orc zombie (D:6)
  27 rats
  12 ballistomycetes
  3 fungi
  5 plants
2083 creatures vanquished.

Vanquished Creatures (collateral kills)
  2 nagas (Snake:5)
2 creatures vanquished.

Vanquished Creatures (others)
  2 lost souls
  A big kobold (D:8)
  A wight (D:13)
  A bat (D:8)
  6 giant spores
  6 ballistomycetes
  5 fungi
  11 plants
33 creatures vanquished.

Grand Total: 2118 creatures vanquished

Notes
Turn   | Place    | Note
--------------------------------------------------------------
     0 | D:1      | Medar, the Formicid Earth Elementalist, began the quest for the Orb.
     0 | D:1      | Reached XP level 1. HP: 15/15 MP: 3/3
   244 | D:1      | Reached skill level 4 in Earth Magic
   318 | D:1      | Reached XP level 2. HP: 4/20 MP: 4/4
   930 | D:1      | Reached XP level 3. HP: 24/24 MP: 6/6
  1071 | D:2      | Learned a level 3 spell: Stone Arrow
  1409 | D:2      | Reached XP level 4. HP: 29/29 MP: 8/8
  1775 | D:2      | Reached skill level 5 in Earth Magic
  1895 | D:3      | Reached XP level 5. HP: 30/33 MP: 11/11
  2051 | D:3      | Found a deep blue altar of Sif Muna.
  2404 | D:3      | Found a snail-covered altar of Cheibriados.
  2408 | D:3      | Learned a level 2 spell: Stoneskin
  2845 | D:4      | Reached XP level 6. HP: 37/37 MP: 12/13
  2929 | D:4      | Reached skill level 6 in Earth Magic
  3036 | D:4      | Noticed an ogre
  3048 | D:4      | Killed an ogre
  3233 | D:4      | Noticed an ogre
  3294 | D:4      | Killed an ogre
  3294 | D:4      | Reached XP level 7. HP: 13/41 MP: 9/17
  3557 | D:4      | Noticed Menkaure
  3571 | D:4      | Killed Menkaure
  3571 | D:4      | Reached skill level 7 in Earth Magic
  3578 | D:4      | Learned a level 5 spell: Lee's Rapid Deconstruction
  3713 | D:4      | Found a glowing silver altar of Zin.
  3801 | D:5      | Entered Level 5 of the Dungeon
  3813 | D:5      | Reached skill level 5 in Spellcasting
  4188 | D:4      | Reached XP level 8. HP: 44/46 MP: 14/20
  4237 | D:5      | Reached skill level 8 in Earth Magic
  4633 | D:5      | Noticed Eustachio
  4767 | D:5      | Killed Eustachio
  5071 | D:5      | Reached skill level 9 in Earth Magic
  5500 | D:6      | Reached XP level 9. HP: 43/50 MP: 16/23
  5660 | D:6      | Noticed Prince Ribbit
  5778 | D:6      | Killed Prince Ribbit
  5778 | D:6      | Reached skill level 5 in Armour
  5818 | D:6      | Found a sparkling altar of Nemelex Xobeh.
  5832 | D:6      | Identified a +2 elven cloak of preservation (You found it on level 6 of the Dungeon)
  5933 | D:6      | Gained mutation: You passively map a small area around you. [potion of beneficial mutation]
  6007 | D:6      | Learned a level 3 spell: Passwall
  6012 | D:6      | Learned a level 4 spell: Petrify
  6125 | D:6      | Reached skill level 1 in Conjurations
  6665 | D:7      | Found a staircase to the Ecumenical Temple.
  6672 | Temple   | Entered the Ecumenical Temple
  6716 | D:7      | Found a flagged portal.
  6851 | Bailey   | Entered a bailey
  6958 | Bailey   | Reached XP level 10. HP: 40/55 MP: 4/24
  7170 | Bailey   | Found a bloodstained altar of Trog.
  7381 | Temple   | Reached skill level 5 in Conjurations
  8194 | D:8      | Gained mutation: You have a slow metabolism. [potion of beneficial mutation]
  8433 | D:8      | Noticed Pikel
  9453 | D:8      | Killed Pikel
  9632 | D:9      | Noticed a cyclops
  9641 | D:9      | Killed a cyclops
  9641 | D:9      | Reached XP level 11. HP: 59/59 MP: 10/25
 10009 | D:9      | Found a shattered altar of Ashenzari.
 10026 | D:9      | Became a worshipper of Ashenzari the Shackled
 10069 | D:9      | Reached skill level 10 in Conjurations
 10447 | D:10     | Entered Level 10 of the Dungeon
 10644 | D:9      | Reached skill level 11 in Conjurations
 10947 | D:9      | Noticed a hill giant
 10955 | D:9      | Killed a hill giant
 10955 | D:9      | Reached skill level 1 in Fighting
 11484 | D:10     | Found a staircase to the Orcish Mines.
 11700 | D:10     | Reached XP level 12. HP: 62/69 MP: 9/26
 11879 | D:10     | Noticed a hill giant
 11897 | D:10     | Killed a hill giant
 12094 | D:10     | Learned a level 6 spell: Iron Shot
 12108 | D:10     | Noticed Nergalle
 12137 | D:10     | Found a staircase to the Lair.
 12138 | D:10     | Noticed Urug
 12146 | D:10     | Killed Urug
 12262 | Lair:1   | Entered Level 1 of the Lair of Beasts
 12557 | Lair:1   | Reached skill level 10 in Earth Magic
 13390 | Lair:2   | Noticed a six-headed hydra
 15006 | Lair:2   | Killed a six-headed hydra
 15322 | Lair:3   | Reached XP level 13. HP: 73/73 MP: 22/28
 15334 | Lair:3   | Reached skill level 12 in Earth Magic
 16092 | Lair:3   | Acquired Ashenzari's first power
 16511 | Lair:3   | Noticed a five-headed hydra
 16513 | Lair:3   | Killed a five-headed hydra
 16758 | Lair:4   | Noticed a six-headed hydra
 16762 | Lair:4   | Killed a six-headed hydra
 16997 | Lair:4   | Reached skill level 1 in Short Blades
 17945 | Lair:4   | Reached skill level 5 in Stealth
 18623 | Lair:4   | Reached skill level 5 in Dodging
 19231 | Lair:4   | Identified the cursed -5 chain mail "Creoha Loss" {Str+3 Dex+1}
 19528 | Lair:5   | Reached skill level 5 in Fighting
 19779 | Lair:5   | Identified a scroll of acquirement
 19906 | Lair:5   | Reached skill level 1 in Shields
 20049 | Lair:5   | the hole to the Spider Nest was a mimic.
 20156 | Lair:5   | Acquired Ashenzari's second power
 20246 | Lair:5   | Reached XP level 14. HP: 75/83 MP: 30/30
 20566 | Lair:1   | Learned a level 5 spell: Bolt of Magma
 20570 | D:10     | Killed Nergalle
 20570 | D:10     | Reached skill level 1 in Fire Magic
 20958 | D:10     | Noticed Fannar
 20973 | D:10     | Killed Fannar
 21030 | D:10     | Found a roughly hewn altar of Beogh.
 21749 | Lair:5   | Found a staircase to the Shoals.
 22277 | Lair:5   | Found a staircase to the Snake Pit.
 22281 | Lair:5   | Acquired Ashenzari's third power
 23134 | Lair:6   | Learned a level 1 spell: Summon Butterflies
 23615 | Lair:6   | Found a staircase to the Slime Pits.
 24145 | Lair:7   | Reached skill level 10 in Spellcasting
 25296 | Lair:7   | Reached XP level 15. HP: 84/87 MP: 6/34
 25590 | Lair:7   | Reached skill level 13 in Earth Magic
 25949 | Lair:8   | Entered Level 8 of the Lair of Beasts
 26617 | Lair:8   | Acquired Ashenzari's fourth power
 27054 | Lair:8   | Reached skill level 14 in Earth Magic
 28261 | Lair:8   | Reached skill level 15 in Earth Magic
 28289 | Lair:8   | Reached skill level 1 in Summonings
 29799 | Lair:8   | Reached skill level 5 in Transmutations
 30675 | Lair:1   | Learned a level 6 spell: Statue Form
 30698 | Orc:1    | Entered Level 1 of the Orcish Mines
 30744 | Orc:1    | Found a dark tunnel.
 30758 | Volcano  | Entered a volcano
 31060 | Volcano  | Upgraded the game from 0.14-a0-1663-g0b35444 to 0.14-a0-1686-g0e827d1
 32074 | Orc:1    | Reached skill level 1 in Staves
 32203 | Orc:2    | Noticed Josephine
 32208 | Orc:2    | Killed Josephine
 32629 | Orc:2    | Noticed Erolcha
 32631 | Orc:2    | Killed Erolcha
 32631 | Orc:2    | Reached XP level 16. HP: 93/93 MP: 31/34
 33033 | Orc:3    | Noticed Joseph
 33037 | Orc:3    | Killed Joseph
 33367 | Orc:3    | Found a staircase to the Elven Halls.
 33746 | Orc:3    | Noticed Maurice
 33753 | Orc:3    | Killed Maurice
 34475 | Orc:3    | Noticed Sonja
 34483 | Orc:3    | Killed Sonja
 35264 | Orc:4    | Entered Level 4 of the Orcish Mines
 36155 | Orc:4    | Noticed Psyche
 36156 | Orc:4    | Killed Psyche
 36546 | Orc:4    | Found Niysi's Armour Boutique.
 36566 | Orc:4    | Found Haonn's Antique Armour Shop.
 36566 | Orc:4    | Found Xoojy's Magic Scroll Shop.
 36579 | Orc:4    | Found Cliaca's Jewellery Boutique.
 36735 | Orc:4    | Bought a pair of boots for 55 gold pieces
 36826 | Orc:4    | Bought a scroll of curse jewellery for 20 gold pieces
 37713 | D:11     | Found a snail-covered altar of Cheibriados.
 38368 | D:11     | Identified the +5,+7 trident of Pandemonium {pierce, Noisy Str+2 Int+3}
 38489 | D:12     | Noticed Harold
 38492 | D:12     | Killed Harold
 40031 | D:13     | Reached skill level 10 in Fighting
 42318 | D:14     | Reduced skill Short Blades to level 1
 42330 | D:14     | Reached XP level 17. HP: 107/107 MP: 27/35
 42456 | D:14     | Identified the +7,+8 war axe of Anguish {venom, +Fly rC+}
 42969 | D:14     | Reached skill level 5 in Shields
 43178 | D:14     | Found a gate to the Vaults.
 43265 | D:15     | Entered Level 15 of the Dungeon
 43282 | D:15     | Noticed Rupert
 43292 | D:15     | Killed Rupert
 44543 | D:16     | Entered Level 16 of the Dungeon
 45114 | D:16     | Noticed Nessos
 45119 | D:16     | Killed Nessos
 45128 | D:16     | Identified the cursed +0 ring mail "Klydi" {Str+1 Stlth+}
 46102 | D:16     | Found a staircase to the Depths.
 46194 | D:16     | Reached skill level 10 in Shields
 46531 | D:16     | Found an ancient bone altar of Kikubaaqudgha.
 47145 | D:16     | Upgraded the game from 0.14-a0-1686-g0e827d1 to 0.14-a0-1696-g06d0eec
 48127 | Lair:6   | Reached XP level 18. HP: 112/112 MP: 36/36
 48395 | Snake:1  | Entered Level 1 of the Snake Pit
 48784 | Snake:1  | Noticed Louise
 48792 | Snake:1  | Killed Louise
 49362 | Snake:1  | Found Ejygaergh's Assorted Antiques.
 49367 | Snake:1  | Bought 2 scrolls of enchant weapon I for 385 gold pieces
 49367 | Snake:1  | Bought a potion of curing for 70 gold pieces
 50042 | Snake:2  | Reached skill level 5 in Staves
 50376 | Snake:3  | Found Strauji's Assorted Antiques.
 50413 | Snake:3  | Bought a potion of agility for 57 gold pieces
 50413 | Snake:3  | Bought a scroll labeled ITOH KYRICUNY for 23 gold pieces
 50645 | Snake:3  | Noticed Azrael
 50657 | Snake:3  | Killed Azrael
 51149 | Snake:3  | Found Etang's Weapon Emporium.
 51650 | Snake:4  | Reached skill level 1 in Evocations
 51923 | Snake:4  | Found Kehacho's General Store.
 51926 | Snake:4  | Bought a scroll of enchant weapon II for 77 gold pieces
 52206 | Snake:4  | Reached skill level 5 in Evocations
 53439 | Snake:5  | Entered Level 5 of the Snake Pit
 53507 | Snake:5  | Noticed Lamia
 53519 | Snake:5  | Killed Lamia
 53519 | Snake:5  | Reached XP level 19. HP: 91/117 MP: 16/36
 53722 | Snake:5  | Noticed Kirke
 53726 | Snake:5  | Killed Kirke
 54200 | Snake:5  | Reached skill level 10 in Staves
 54311 | Snake:5  | Reached skill level 16 in Earth Magic
 55712 | Snake:5  | Reached skill level 17 in Earth Magic
 55899 | Snake:5  | Got a serpentine rune of Zot
 56433 | Vaults:1 | Entered Level 1 of the Vaults
 58322 | Vaults:1 | Reached XP level 20. HP: 104/122 MP: 38/38
 58649 | Vaults:1 | Upgraded the game from 0.14-a0-1696-g06d0eec to 0.14-a0-1707-g75daffb
 58977 | Vaults:2 | Found a staircase to the Crypt.
 59185 | Vaults:2 | Found Taorr's Gadget Emporium.
 60406 | Vaults:2 | Found Qakh's General Store.
 60411 | Vaults:2 | Found Neubaosch's Weapon Emporium.
 60579 | Vaults:2 | Found Roreblou's Antique Armour Boutique.
 60722 | Vaults:2 | Bought the +3 pair of boots of the spider {+Jump, Stlth+} for 1058 gold pieces
 60722 | Vaults:2 | Bought a glowing elven shield for 151 gold pieces
 60725 | Vaults:2 | Found Theodir's Book Shop.
 61460 | Lair:1   | Learned a level 9 spell: Shatter
 61728 | Snake:3  | Bought a scroll of remove curse for 69 gold pieces
 61728 | Snake:3  | Bought an encrusted coral ring for 575 gold pieces
 61728 | Snake:3  | Bought a scroll of remove curse for 69 gold pieces
 61893 | Snake:1  | Bought a scroll of curse jewellery for 70 gold pieces
 62231 | Orc:4    | Bought a scroll of remove curse for 30 gold pieces
 62231 | Orc:4    | Bought a scroll of amnesia for 55 gold pieces
 62231 | Orc:4    | Bought a scroll of amnesia for 55 gold pieces
 62234 | Orc:4    | Bought a scroll of identify for 20 gold pieces
 62239 | Orc:4    | Bought the ring of Xom's Displeasure {+/*Tele rF+ Dam+3 Stlth+} for 529 gold pieces
 62967 | Vaults:3 | Reached skill level 18 in Earth Magic
 63199 | Vaults:3 | Identified the +5,+7 crossbow "Lithrapheu" {elec, rPois rF- Stlth++}
 63938 | Vaults:3 | Reached XP level 21. HP: 127/127 MP: 16/40
 64520 | Vaults:2 | Identified the +3 leather armour of the Places {Acc-4} (You took it off an ironbrand convoker on level 2 of the Vaults)
 64520 | Vaults:2 | Reached skill level 19 in Earth Magic
 64861 | Vaults:3 | Found a staircase to the Hall of Blades.
 65388 | Vaults:3 | Reached skill level 20 in Earth Magic
 65644 | Vaults:3 | Upgraded the game from 0.14-a0-1707-g75daffb to 0.14-a0-1719-ga7e7698
 66647 | Vaults:4 | Noticed Boris
 66651 | Vaults:4 | Killed Boris
 66942 | Vaults:3 | Reached skill level 21 in Earth Magic
 67416 | Vaults:4 | Reached XP level 22. HP: 132/132 MP: 35/40
 67418 | Vaults:4 | Reached skill level 10 in Stealth
 67667 | Vaults:4 | Found a deep blue altar of Sif Muna.
 68287 | Crypt:1  | Entered Level 1 of the Crypt
 69205 | Crypt:1  | Reached skill level 15 in Spellcasting
 70910 | Crypt:2  | Learned a level 2 spell: Repel Missiles
 70915 | Crypt:2  | Learned a level 3 spell: Regeneration
 71067 | Crypt:2  | Found a staircase to the Tomb.
 71181 | Crypt:2  | Reached skill level 1 in Necromancy
 71191 | Crypt:2  | Reached skill level 1 in Charms
 73294 | Crypt:3  | Reached skill level 5 in Charms
 73673 | Crypt:4  | Reached XP level 23. HP: 137/137 MP: 42/42
 76195 | Crypt:5  | Entered Level 5 of the Crypt
 76226 | Crypt:5  | Identified the +3 leather armour "Struish" {rF+ Dex+2 Int+4}
 76778 | Crypt:5  | Slain by a phantasmal warrior

Action                   |  1- 3 |  4- 6 |  7- 9 | 10-12 | 13-15 | 16-18 | 19-21 | 22-24 || total
-------------------------+-------+-------+-------+-------+-------+-------+-------+-------++-------
Melee: Dagger            |    16 |    14 |    42 |    13 |       |       |       |       ||    85
       Unarmed           |     1 |       |       |       |       |       |       |       ||     1
       Cutlass           |       |       |       |    21 |    45 |       |       |       ||    66
       Staff             |       |       |       |       |     5 |    19 |   959 |   371 ||  1354
       Lajatang          |       |       |       |       |       |   593 |       |       ||   593
 Cast: Sandblast         |    51 |    98 |   109 |    15 |       |       |       |       ||   273
       Stoneskin         |       |     1 |     7 |     2 |     5 |    41 |    55 |    13 ||   124
       Stone Arrow       |       |     2 |    81 |   341 |   661 |   491 |    11 |       ||  1587
       Lee's Rapid Decon |       |       |     5 |    29 |    53 |    47 |    83 |    24 ||   241
       Petrify           |       |       |       |     2 |       |       |     1 |       ||     3
       Iron Shot         |       |       |       |       |   147 |   196 |   167 |   183 ||   693
       Bolt of Magma     |       |       |       |       |    31 |    60 |    42 |    28 ||   161
       Statue Form       |       |       |       |       |     1 |    71 |    76 |    12 ||   160
       Passwall          |       |       |       |       |     1 |       |       |       ||     1
       Shatter           |       |       |       |       |       |       |     1 |       ||     1
       Repel Missiles    |       |       |       |       |       |       |       |     1 ||     1
       Regeneration      |       |       |       |       |       |       |       |     1 ||     1
       Summon Butterflie |       |       |       |       |       |       |       |     1 ||     1
Invok: Transfer Knowledg |       |       |       |       |       |     1 |       |       ||     1
 Abil: Dig               |       |       |     4 |     1 |     3 |     4 |     1 |       ||    13
       End Transformatio |       |       |       |       |     1 |       |       |       ||     1
       Evoke Jump Attack |       |       |       |       |       |       |     2 |       ||     2
Evoke: Wand              |       |       |     6 |     9 |     3 |     5 |     6 |     3 ||    32
  Use: Scroll            |     8 |     6 |     5 |    14 |     8 |    32 |    10 |     6 ||    89
       Potion            |       |     1 |     3 |     3 |       |     6 |    10 |     7 ||    30
 Stab: Sleeping          |       |       |     1 |       |     1 |    36 |    14 |    13 ||    65
       Confused          |       |       |       |     1 |       |       |       |       ||     1
       Distracted        |       |       |       |       |       |     1 |     2 |     1 ||     4
